Map: Ruins of Endion

Players

picur

  • Race: Zerg Zerg
  • League: Grandmaster

Miszu - Winner!

  • Race: Zerg Zerg
  • League: Master

VOD

Have the link to the VOD?

Description

Time

  • Played on: June 27, 2016, 7:46 p.m.
  • Length: 5:38
Show
View Real Time Build Order
Export as new Build Order

picur Zerg 

Build Orders: Hatch First, Zergling Baneling 

Get SALT Encoding   

  12  0:02  Drone  
  13  0:09  Drone  
  14  0:17  Overlord  
  15  0:35  Drone x2  
  15  0:36  Drone  
  17  0:55  Hatchery  
  16  0:58  Drone  
  16  1:00  Drone  
  16  1:03  Extractor  
  17  1:18  Spawning Pool  
  17  1:21  Drone  
  17  1:23  Drone  
  18  1:31  Drone  
  19  1:40  Drone  
  20  1:52  Overlord  
  20  2:06  Metabolic Boost, Queen  
  20  2:08  Queen  
  24  2:11  Zergling x2  
  24  2:13  Zergling x2  
  26  2:18  Drone  
  26  2:20  Drone  
  28  2:24  Drone  
  28  2:29  Baneling Nest  
  28  2:32  Drone  
  28  2:36  Drone  
  30  2:42  Drone  
  31  2:47  Drone  
  32  2:55  Drone x2  
  34  3:00  Overlord  
  34  3:14  Zergling x4  
  34  3:19  Zergling x12  
  42  3:28  Zergling x4  
  42  3:30  Baneling x4  
  44  3:43  Overlord x2  
  44  3:58  Baneling  
  44  3:59  Baneling, Hatchery  
  31  4:19  Zergling x6  
  31  4:20  Zergling x2  
  35  4:30  Drone  
  35  4:31  Drone  
  35  4:39  Baneling x3  
  35  4:40  Baneling x2  
  35  4:42  Zergling x4  
  37  4:49  Drone x2  
  35  5:13  Zergling x6  
  35  5:14  Zergling x10  
Show
View Real Time Build Order
Export as new Build Order

Miszu Zerg - Winner!

Build Orders: Hatch First, Zergling Baneling 

Get SALT Encoding   

  12  0:00  Drone  
  13  0:13  Overlord  
  13  0:17  Drone  
  14  0:31  Drone x2  
  16  0:40  Drone  
  17  0:52  Hatchery  
  16  0:57  Drone  
  16  1:00  Drone  
  16  1:01  Extractor  
  17  1:15  Spawning Pool  
  16  1:21  Drone  
  17  1:29  Drone x2  
  19  1:45  Overlord  
  19  2:04  Queen x2  
  19  2:05  Zergling x6  
  26  2:12  Metabolic Boost  
  26  2:15  Drone  
  27  2:18  Drone  
  29  2:22  Drone  
  29  2:25  Drone  
  30  2:35  Baneling Nest, Drone  
  30  2:38  Drone  
  30  2:43  Drone  
  32  2:50  Drone  
  33  2:57  Drone  
  34  3:08  Hatchery  
  34  3:12  Drone  
  34  3:15  Zergling x4  
  34  3:17  Overlord  
  36  3:23  Overlord  
  36  3:36  Baneling x2  
  36  3:37  Baneling  
  36  3:38  Baneling  
  36  3:39  Baneling x3  
  36  3:40  Baneling  
  36  3:44  Zergling x8  
  40  3:49  Spine Crawler  
  40  3:50  Zergling x4  
  41  3:59  Zergling x8  
  41  4:02  Zergling x2  
  44  4:17  Zergling x6  
  44  4:20  Baneling x3  
  44  4:31  Zergling x8  
  47  4:34  Zergling x4  
  47  4:37  Zergling x2  
  50  4:39  Zergling x2  
  50  4:42  Baneling x4  
  51  4:46  Zergling x2  
  47  5:12  Zergling x10  
Tags
 
Add a new tag
Caveats
  • Supply blocks, unpowered buildings, or Contaminate may cause inaccurate times.
  • Supply counts are checked every 10 seconds.